 Dungeon Crawl Stone Soup version 0.30-a0-347-gf58ed5266c (webtiles) character file.

Game seed: 14620664641920119322

19761 Falherf the Unseen (level 12, -11/58 HPs)
             Began as a Spriggan Enchanter on Nov 6, 2022.
             Was a High Priest of Dithmenos.
             Mangled by a very large slime creature (38 damage)
             ... on level 12 of the Dungeon.
             The game lasted 00:32:03 (12766 turns).

Falherf the Unseen (Spriggan Enchanter)            Turns: 12766, Time: 00:32:04

Health: -11/58     AC:  8    Str:  4    XL:     12   Next: 39%
Magic:  27/30      EV: 22    Int: 18    God:    Dithmenos [*****.]
Gold:   363        SH:  0    Dex: 19    Spells: 14/37 levels left

rFire   + + .      SeeInvis +    w - +5 dagger (protect)
rCold   + . .      Faith    .    (no shield)
rNeg    . . .      Spirit   .    A - +3 steam dragon scales
rPois   +          Reflect  .    (helmet restricted)
rElec   .          Harm     .    H - scarf {rC+ rF+}
rCorr   +          Rampage  .    (gloves unavailable)
Will    ++...                    (boots unavailable) Stlth *+++++++++
                                 (no amulet)
HPRegen 0.29/turn                k - ring of poison resistance
MPRegen 0.22/turn                s - ring of resist corrosion

@: about to teleport, wreathed by umbra, very quick
A: very small, no large weapons, unfitting armour, see invisible, speed 3, fire
resistance 1
a: Renounce Religion, Shadow Step, Shadow Form


You were on level 12 of the Dungeon.
You worshipped Dithmenos.
Dithmenos was extremely pleased with you.
You visited 2 branches of the dungeon, and saw 13 of its levels.
You also visited: Ossuary and Ice Cave.

You collected 1519 gold pieces.
You spent 1156 gold pieces at shops.

Inventory:

Hand Weapons
 a - a +1 dagger of venom
 w - a +5 dagger of protection (weapon)
 M - a +2 executioner's axe of freezing
Missiles
 p - 32 poisoned darts (quivered)
 y - 3 throwing nets
 C - a curare-tipped dart
Armour
 l - a +1 cloak
 A - +3 steam dragon scales (worn)
 H - a scarf of resistance (worn)
Jewellery
 b - a ring of fire
 k - a ring of poison resistance (left hand)
 s - a ring of resist corrosion (right hand)
 F - a ring of willpower
Wands
 f - a wand of paralysis (19)
 h - a wand of flame (15)
 B - a wand of roots (5)
 D - a wand of quicksilver (13)
 E - a wand of polymorph (3)
 L - a wand of mindburst (7)
Scrolls
 i - 4 scrolls of teleportation
 r - 2 scrolls of summoning
 u - 2 scrolls of magic mapping
 G - a scroll of poison
 I - 2 scrolls of identify
 J - 5 scrolls of fear
 K - 3 scrolls of immolation
Potions
 c - a potion of invisibility
 d - 2 potions of heal wounds
 e - 4 potions of might
 g - 2 potions of cancellation
 j - 4 potions of ambrosia
 m - 3 potions of mutation
 n - 3 potions of flight
 o - 3 potions of curing
 q - a potion of lignification
 t - 3 potions of haste
 x - 2 potions of magic
 z - 2 potions of brilliance


   Skills:
 + Level 4.3 Fighting
 + Level 6.0 Short Blades
 + Level 7.5 Dodging
 + Level 16.1 Stealth
 + Level 13.2 Spellcasting
 * Level 13.5 Hexes


You had 14 spell levels left.
You knew the following spells:

 Your Spells              Type           Power      Damage    Failure   Level
a - Ensorcelled Hibernat  Hex/Ice        72%        N/A       1%          2
b - Tukima's Dance        Hex            57%        N/A       1%          3
c - Dazzling Flash        Conj/Hex       72%        N/A       1%          3
d - Confusing Touch       Hex            57%        N/A       1%          3
e - Apportation           Tloc           22%        N/A       6%          1
f - Anguish               Hex/Necr       18%        N/A       3%          4
g - Enfeeble              Hex            28%        N/A       19%         7

Your spell library contained the following spells:

 Spells                   Type           Power      Damage    Failure   Level
 Leda's Liquefaction      Hex/Erth       18%        N/A       3%          4
 Freeze                   Ice            44%        1d6       6%          1
 Sting                    Tmut/Pois      44%        1d5       6%          1
 Poisonous Vapours        Pois/Air       22%        N/A       9%          2
 Silence                  Hex/Air        18%        N/A       10%         5
 Yara's Violent Unravell  Hex/Tmut       18%        3d9       10%         5
 Frozen Ramparts          Ice            22%        1d4       17%         3
 Gell's Gravitas          Tloc           11%        N/A       17%         3
 Hailstorm                Conj/Ice       11%        3d5       17%         3
 Ignite Poison            Fire/Tmut/Pois 11%        N/A       17%         3
 Kindle Blastsparks       Fire/Tloc/Air  22%        2d11      17%         3
 Lesser Beckoning         Tloc           22%        N/A       17%         3
 Teleport Other           Tloc           11%        N/A       17%         3
 Olgreb's Toxic Radiance  Pois           11%        N/A       50%         4
 Passage of Golubria      Tloc           11%        N/A       50%         4
 Summon Ice Beast         Ice/Summ       11%        N/A       50%         4
 Alistair's Intoxication  Tmut/Pois      7%         N/A       85%         5
 Freezing Cloud           Conj/Ice/Air   5%         6-21      85%         5
 Lehudib's Crystal Spear  Conj/Erth      5%         10d3      100%        8


Dungeon Overview and Level Annotations

Branches:
Dungeon (12/15)            Temple (1/1) D:4            Lair (0/5) D:11
    Orc (0/2) D:11        Ossuary (visited)           IceCv (visited)

Altars:
Cheibriados
Dithmenos
Elyvilon
Gozag
Hepliaklqana
Kikubaaqudgha
Nemelex Xobeh
Okawaru
Qazlal
Ru
Uskayaw
Wu Jian
Xom
Yredelemnul

Shops:
D:1 [   D:11 ??

Portals:
Abyss: D:8

Annotations:
D:7 3 runed translucent doors, Kirkhe's ghost, novice DsGl
D:8 2 transporters, twist's ghost, journeyman MeEE


Innate Abilities, Weirdness & Mutations

You are very small and have problems with some larger weapons.
You are too small for most types of armour.
You have supernaturally acute eyesight. (SInv)
You cover ground extremely quickly. (Speed+++)
Your flesh is heat resistant. (rF+)


Message History

Press: ? - help, Dir - move target, p - cyclops
As you read the scroll of blinking, it crumbles to dust.
You feel much better.
Two slime creatures merge to form a very large slime creature.
The cyclops throws a large rock.
The large rock barely misses you.
Unknown command.
You start resting.
A slime creature is nearby!
A slime creature is nearby!
Okay, then.
Unknown command.
Two slime creatures merge to form a large slime creature.
You are too injured to fight recklessly!
Casting: Ensorcelled Hibernation (safe; 1% risk of failure)
Confirm with . or Enter, or press ? or * to list all spells.
Aiming: Ensorcelled Hibernation (safe; 1% risk of failure)
Press: ? - help, Shift-Dir - straight line, f - large slime creature
Aim: a large slime creature (umbra, chance to affect: 47%)
The large slime creature resists with some effort.
The large slime creature completely misses you.
Unknown command.
Casting: Ensorcelled Hibernation (safe; 1% risk of failure)
Confirm with . or Enter, or press ? or * to list all spells.
Aiming: Ensorcelled Hibernation (safe; 1% risk of failure)
Press: ? - help, Shift-Dir - straight line, f/p - large slime creature
Aim: a large slime creature (umbra, chance to affect: 47%)
The large slime creature looks drowsy...
The slime creature quivers.
Unknown command.
The helpless large slime creature fails to defend itself.
You stick the large slime creature like a pincushion!!!!
Your weapon exudes an aura of protection.
The large slime creature is almost dead.
Two slime creatures merge to form a very large slime creature.
As you read the scroll of teleportation, it crumbles to dust.
You feel strangely unstable.
Unknown command.
The very large slime creature hits you!!!
Ouch! That really hurt!
You die...

# ##. #.. ##..
##... #....
#### ##....
#.@### ##....J
##.J.###
#.(....
####J.####
#...JC.
###J..##...J...
###...#####.#
###....##.#
###.....#
##.... #..


You could see a very large slime creature and 2 slime creatures.

Vanquished Creatures
  A reaper (IceCv)
  Josephine (D:9)
  4 two-headed ogres
  A boulder beetle (D:12)
  A deep elf pyromancer (D:12)
  2 ugly things (D:11)
  A cyclops (D:12)
  2 gargoyles
  Maggie (D:7)
  Psyche (D:8)
  2 rime drakes (D:11)
  2 anaconda simulacra (IceCv)
  A komodo dragon (D:11)
  A troll (D:12)
  Prince Ribbit (D:6)
  2 hornets
  Grinder (D:6)
  A wyvern (D:9)
  6 wraiths
  2 dire elephant simulacra (IceCv)
  Eustachio (D:4)
  14 yaks
  2 death yak simulacra (IceCv)
  Menkaure (D:7)
  An acid dragon (D:12)
  3 hydra simulacra (IceCv)
  A hornet zombie (D:7)
  4 sky beasts
  2 orc warriors
  2 ice beasts
  3 black bears
  2 ogres
  5 centaurs
  6 kobold brigands
  3 phantoms
  2 bullfrogs
  2 necrophages (D:6)
  3 gnoll sergeants (D:10)
  2 cane toad simulacra (IceCv)
  6 two-headed ogre simulacra (IceCv)
  3 scorpions
  11 wights
  4 killer bees (D:9)
  2 elephant simulacra (IceCv)
  5 howler monkeys
  A bullfrog zombie (D:7)
  A hound (D:6)
  A jelly (D:5)
  3 orc priests
  A gnoll bouda (D:6)
  3 iguanas (D:6)
  6 orc wizards
  4 troll simulacra (IceCv)
  4 polar bear simulacra (IceCv)
  2 wolf simulacra (IceCv)
  6 spriggan simulacra (IceCv)
  12 gnolls
  7 adders
  9 naga simulacra (IceCv)
  A shadow imp (D:6)
  3 white imps
  6 ufetubi
  3 adder zombies (Ossuary)
  3 worms
  3 dart slugs
  31 orcs
  8 endoplasms
  2 giant cockroaches (D:1)
  6 goblins
  11 hobgoblins
  2 quokkas
  8 ball pythons
  7 bats
  2 frilled lizards
  2 hobgoblin skeletons (Ossuary)
  29 kobolds
  2 kobold zombies (Ossuary)
  An orc skeleton (Ossuary)
  An orc zombie (Ossuary)
  8 rats
323 creatures vanquished.

Vanquished Creatures (collateral kills)
  Sigmund (D:5)
  An orc warrior (D:9)
  Blork the orc (D:6)
  A wight (D:8)
  An orc priest (D:8)
  An orc wizard (D:9)
  8 gnolls
  An adder (D:4)
  7 orcs
22 creatures vanquished.

Vanquished Creatures (others)
  6 dancing weapons (D:10)
  3 plants (D:10)
9 creatures vanquished.

Grand Total: 354 creatures vanquished

Notes
Turn   | Place    | Note
-------+----------+-------------------------------------------
     0 | D:1      | Falherf the Spriggan Enchanter began the quest for the Orb.
     0 | D:1      | Reached XP level 1. HP: 9/9 MP: 5/5
    90 | D:1      | Found Jootz's Armour Shoppe.
   216 | D:1      | Reached XP level 2. HP: 8/13 MP: 7/7
   228 | D:1      | Learned a level 2 spell: Ensorcelled Hibernation
   439 | D:1      | Reached XP level 3. HP: 16/16 MP: 9/9
  1117 | D:2      | Found a faded altar of an unknown god.
  1553 | D:2      | Reached XP level 4. HP: 18/21 MP: 1/11
  1644 | D:2      | Learned a level 3 spell: Tukima's Dance
  1648 | D:2      | Learned a level 3 spell: Confusing Touch
  1865 | D:3      | Reached skill level 5 in Hexes
  1962 | D:3      | Noticed a black bear
  1981 | D:3      | Killed a black bear
  1982 | D:3      | Reached skill level 5 in Spellcasting
  1982 | D:3      | Reached XP level 5. HP: 21/24 MP: 7/13
  2278 | D:3      | Found a stormy altar of Qazlal.
  2356 | D:3      | Learned a level 3 spell: Dazzling Flash
  2484 | D:4      | Noticed a phantom
  2511 | D:4      | Killed a phantom
  2512 | D:4      | Reached skill level 5 in Stealth
  2512 | D:4      | Reached XP level 6. HP: 24/28 MP: 12/15
  2542 | D:4      | Noticed Eustachio
  2650 | D:4      | Killed Eustachio
  2653 | D:4      | Reached skill level 6 in Stealth
  2742 | D:4      | Found a staircase to the Ecumenical Temple.
  2755 | Temple   | Entered the Ecumenical Temple
  2839 | Temple   | Became a worshipper of Dithmenos the Shadowed
  3020 | D:4      | Reached XP level 7. HP: 20/32 MP: 10/17
  3179 | D:4      | Reached skill level 7 in Stealth
  3426 | D:4      | Found an ornate altar of the Wu Jian Council.
  3606 | D:5      | Entered Level 5 of the Dungeon
  3606 | D:5      | Noticed Sigmund
  3615 | D:5      | Killed Sigmund
  3683 | D:5      | Reached * piety under Dithmenos
  3921 | D:5      | Reached skill level 8 in Stealth
  3946 | D:5      | Reached XP level 8. HP: 36/36 MP: 14/20
  4593 | D:5      | Identified the +1 leather armour of the Past {rN+}
  4873 | D:6      | Reached skill level 9 in Stealth
  5047 | D:6      | Reached skill level 10 in Stealth
  5060 | D:6      | Noticed Blork the orc
  5070 | D:6      | Killed Blork the orc
  5106 | D:6      | Found a sand-covered staircase.
  5111 | Ossuary  | Entered an ossuary
  5207 | Ossuary  | Reached XP level 9. HP: 39/39 MP: 21/23
  5314 | Ossuary  | Gained mutation: You are vulnerable to cold. (rC-) [potion
                  | of mutation]
  5314 | Ossuary  | Gained mutation: You passively map a small area around you.
                  | [potion of mutation]
  5314 | Ossuary  | Gained mutation: You have a pair of small horns on your
                  | head. [potion of mutation]
  5315 | Ossuary  | Lost mutation: You have a pair of small horns on your head.
                  | [potion of mutation]
  5315 | Ossuary  | Lost mutation: You passively map a small area around you.
                  | [potion of mutation]
  5315 | Ossuary  | Lost mutation: You are vulnerable to cold. (rC-) [potion of
                  | mutation]
  5315 | Ossuary  | Gained mutation: You have a pair of small horns on your
                  | head. [potion of mutation]
  5316 | Ossuary  | Lost mutation: You have a pair of small horns on your head.
                  | [potion of mutation]
  5316 | Ossuary  | Gained mutation: You are weak. (Str -2) [potion of
                  | mutation]
  5316 | Ossuary  | Lost mutation: You are weak. (Str -2) [potion of mutation]
  5316 | Ossuary  | Gained mutation: Your flesh is heat resistant. (rF+)
                  | [potion of mutation]
  5378 | Ossuary  | Reached ** piety under Dithmenos
  5410 | Ossuary  | Reached skill level 11 in Stealth
  5490 | D:6      | Noticed Prince Ribbit
  5497 | D:6      | Killed Prince Ribbit
  5552 | D:6      | Reached skill level 10 in Hexes
  5816 | D:6      | Noticed Grinder
  5822 | D:6      | Killed Grinder
  5823 | D:6      | Reached skill level 10 in Spellcasting
  5996 | D:6      | Reached skill level 12 in Stealth
  6216 | D:7      | Noticed Maggie
  6349 | D:7      | Killed Maggie
  6395 | D:7      | Found a runed translucent gate.
  6395 | D:7      | Found a runed translucent gate.
  6395 | D:7      | Found a runed translucent gate.
  6395 | D:7      | Noticed Kirkhe's ghost (novice DsGl)
  6397 | D:7      | Found a basalt altar of Yredelemnul.
  6397 | D:7      | Noticed Menkaure
  6777 | D:7      | Reached XP level 10. HP: 44/44 MP: 25/25
  6799 | D:7      | Killed Menkaure
  7226 | D:8      | Noticed Psyche
  7229 | D:8      | Killed Psyche
  7230 | D:8      | Reached skill level 13 in Stealth
  7286 | D:8      | Reached *** piety under Dithmenos
  7529 | D:8      | Found a transporter.
  7543 | D:8      | Noticed a toenail golem
  7730 | D:8      | Noticed twist's ghost (journeyman MeEE)
  7737 | D:8      | Found a transporter.
  7813 | D:8      | Reached skill level 14 in Stealth
  7964 | D:8      | Found a one-way gate to the infinite horrors of the Abyss.
  8224 | D:9      | Reached skill level 1 in Fighting
  8340 | D:9      | Identified a scroll of acquirement
  8340 | D:9      | Acquired 757 gold pieces
  8411 | D:9      | Noticed a gargoyle
  8420 | D:9      | Noticed a two-headed ogre
  8424 | D:9      | Killed a gargoyle
  8429 | D:9      | Killed a two-headed ogre
  8430 | D:9      | Reached XP level 11. HP: 50/50 MP: 23/28
  8636 | D:9      | Learned a level 1 spell: Apportation
  8971 | D:9      | Reached **** piety under Dithmenos
  9294 | D:10     | Entered Level 10 of the Dungeon
  9447 | D:10     | Found a sparkling altar of Nemelex Xobeh.
  9778 | D:10     | Noticed a two-headed ogre
  9785 | D:10     | Killed a two-headed ogre
  9917 | D:10     | Reached skill level 5 in Dodging
  9920 | D:10     | Reached ***** piety under Dithmenos
  9933 | D:10     | Found an iron altar of Okawaru.
  9933 | D:10     | Found a hide-covered altar of Uskayaw.
  9937 | D:10     | Found a shimmering altar of Xom.
  9957 | D:10     | Found an ancient bone altar of Kikubaaqudgha.
  9959 | D:10     | Found a snail-covered altar of Cheibriados.
  9979 | D:10     | Noticed Josephine
  9985 | D:10     | Found a hazy altar of Hepliaklqana.
 10177 | D:9      | Killed Josephine
 10178 | D:9      | Reached skill level 15 in Stealth
 10525 | D:11     | Noticed a red ugly thing
 10527 | D:11     | Killed a red ugly thing
 10560 | D:11     | Found a staircase to the Orcish Mines.
 10639 | D:11     | Found a staircase to the Lair.
 10652 | D:11     | Noticed a two-headed ogre
 10659 | D:11     | Killed a two-headed ogre
 10665 | D:11     | Noticed a cyan ugly thing
 10670 | D:11     | Killed a cyan ugly thing
 10698 | D:11     | Noticed a two-headed ogre
 10705 | D:11     | Killed a two-headed ogre
 10843 | D:11     | Found Zubos's Magic Scroll Shop.
 10847 | D:11     | Bought a scroll of enchant armour for 127 gold pieces
 10847 | D:11     | Bought a scroll of enchant weapon for 127 gold pieces
 10847 | D:11     | Bought 3 scrolls of identify for 102 gold pieces
 10847 | D:11     | Bought a scroll of identify for 34 gold pieces
 10847 | D:11     | Bought a scroll of fear for 68 gold pieces
 10847 | D:11     | Bought a scroll of immolation for 68 gold pieces
 10874 | D:11     | Found Vuskor's Magic Scroll Shop.
 10880 | D:11     | Bought 3 scrolls of fear for 168 gold pieces
 10880 | D:11     | Bought a scroll of fear for 56 gold pieces
 10880 | D:11     | Bought a scroll of immolation for 56 gold pieces
 10880 | D:11     | Bought a scroll of immolation for 56 gold pieces
 10880 | D:11     | Bought a scroll of immolation for 56 gold pieces
 10880 | D:11     | Bought a scroll of summoning for 133 gold pieces
 10880 | D:11     | Bought a scroll of enchant armour for 105 gold pieces
 10895 | D:11     | Reached skill level 5 in Short Blades
 11024 | D:11     | Found a frozen archway.
 11050 | IceCv    | Entered an ice cave
 11133 | IceCv    | Reached XP level 12. HP: 58/58 MP: 29/29
 12255 | IceCv    | Noticed a reaper
 12262 | IceCv    | Killed a reaper
 12328 | IceCv    | Got the Lessons on Snow
 12338 | IceCv    | Got the Discourse on Enchantment
 12344 | IceCv    | Learned a level 4 spell: Anguish
 12352 | IceCv    | Learned a level 7 spell: Enfeeble
 12568 | D:12     | Reached skill level 16 in Stealth
 12686 | D:12     | Noticed a boulder beetle
 12693 | D:12     | Killed a boulder beetle
 12766 | D:12     | Mangled by a very large slime creature

Illustrated notes

Levels and vault maps discovered:
D:1:      matt_arrival_spirals, layout_loops_ring, serial_shops,
          nicolae_diamond_shop
D:2:      layout_basic, ebering_ecumenical_altar_webs
D:3:      layout_rooms, nicolae_qazlal_scattered_showers,
          minmay_fractal_squares_diagonal_5
D:4:      cheibrodos_thug_alley, layout_basic, nicolae_wu_jian_wuxing_cycle,
          temple_statues, uniq_eustachio
D:5:      layout_layer_cave, serial_bayou_crossing, uniq_sigmund
D:6:      layout_basic, enter_ossuary_5, uniq_blork_the_orc,
          uniq_prince_ribbit1, uniq_grinder
D:7:      layout_cave_pools, nicolae_yredelemnul_ghost_church, hex_large,
          chequers_serial_rivers_micro_d, item_on_display_a, uniq_menkaure,
          uniq_maggie
D:8:      layout_rooms, gammafunk_ghost_abyssal_escape, uniq_psyche
D:9:      layout_loops_corners
D:10:     layout_cave_pools, nemelex_xobeh_ov_fountains_minmay,
          nicolae_hepliaklqana_hazy_memory, nicolae_overflow_hidden_temple,
          hellmonk_bongcloud_opening, uniq_josephine
D:11:     layout_basic, lair_entry_dummy, orc_0_dummy, serial_shops,
          nicolae_shop_behind_doors, shop, portal_ice_cave_rime
D:12:     nzn_motion_control, layout_cave_pods
Temple:   hc_temple_tempest_star

Skill      XL: |  1  2  3  4  5  6  7  8  9 10 11 12 |
---------------+-------------------------------------+-----
Spellcasting   | 3 4 5 6 7 9 10 12 13 | 13.2
Hexes          | 4 5 6 7 9 10 12 13 | 13.5
Stealth        | 5 6 8 10 12 14 15 16 | 16.1
Dodging        | 4 6 7 |  7.5
Fighting       | 1 3 4 |  4.3
Short Blades   | 2 5 6 |  6.0

Action                   |  1- 3 |  4- 6 |  7- 9 | 10-12 || total
-------------------------+-------+-------+-------+-------++-------
Melee: Dagger            |    86 |   148 |   231 |   423 ||   888
       Punch             |       |     3 |     1 |    10 ||    14
 Cast: Ensorcelled Hiber |     8 |     7 |    28 |    52 ||    95
       Confusing Touch   |       |     2 |    10 |    33 ||    45
       Tukima's Dance    |       |     4 |     6 |    36 ||    46
       Dazzling Flash    |       |       |     3 |     8 ||    11
Invok: Shadow Step       |       |       |       |     1 ||     1
Evoke: Wand              |       |       |       |     7 ||     7
  Use: Scroll            |     4 |     3 |    12 |    13 ||    32
       Potion            |       |       |     3 |     6 ||     9
 Stab: Sleeping          |    19 |     7 |    57 |    76 ||   159
       Confused          |       |     2 |     8 |    28 ||    38
       Invisible         |       |       |     2 |     4 ||     6
       Distracted        |       |       |     2 |     3 ||     5
       Paralysed         |       |       |       |     2 ||     2
Armor: Robe              |    11 |    22 |    27 |       ||    60
       Steam dragon scal |       |       |    19 |    75 ||    94
Dodge: Dodged            |    58 |   123 |   163 |   339 ||   683

Table legend: (Time is in decaauts)
 A = Elapsed time spent in this place.
 B = Non-inter-level travel time spent in this place.
 C = Inter-level travel time spent in this place.
 D = Time resting spent in this place.
 E = Time spent auto-exploring this place.
 F = Levels seen in this place.
 G = Mean time per level.
                   A        B        C        D        E       F      G
               +--------+--------+--------+--------+--------+-----+--------+
         Total |   9557 |   9353 |    204 |    701 |   6355 |  15 |  637.1 |
       Dungeon |   8100 |   7923 |    177 |    501 |   5536 |  12 |  675.0 |
        Temple |     60 |     34 |     26 |      0 |     29 |   1 |   60.0 |
       Ossuary |    271 |    271 |      0 |      0 |    160 |   1 |  271.0 |
      Ice Cave |   1124 |   1124 |      0 |    200 |    629 |   1 | 1124.0 |
               +--------+--------+--------+--------+--------+-----+--------+

Top non-repeatable levels by time:
     D:9: 1239 daAuts
   IceCv: 1124 daAuts
     D:5: 869 daAuts
     D:6: 815 daAuts
     D:4: 760 daAuts
     D:8: 738 daAuts
     D:2: 724 daAuts
    D:10: 664 daAuts
     D:7: 655 daAuts
     D:1: 571 daAuts
     D:3: 474 daAuts
    D:11: 438 daAuts
 Ossuary: 271 daAuts
    D:12: 150 daAuts
  Temple: 60 daAuts
